 Dungeon Crawl Stone Soup version 0.30-a0-234-g97d66968fd (webtiles) character file.

Game seed: 13755289547366769748

105 Morbidden the Covered (level 4, -3/37 HPs)
             Began as a Barachi Fighter on Oct 10, 2022.
             Constricted to death by Natasha (4 damage)
             ... on level 2 of the Dungeon.
             The game lasted 00:04:06 (2086 turns).

Morbidden the Covered (Barachi Fighter)             Turns: 2086, Time: 00:04:07

Health: -3/37      AC: 12    Str: 17    XL:     4   Next: 83%
Magic:  0/5        EV:  2    Int: 10    God:
Gold:   49         SH:  4    Dex: 12    Spells: 4/4 levels left

rFire   . . .      SeeInvis .    (no weapon)
rCold   + . .      Faith    .    c - +0 buckler
rNeg    . . .      Spirit   .    e - +0 plate armour
rPois   .          Reflect  .    q - +1 hat
rElec   +          Harm     .    (no cloak)
rCorr   .          Rampage  .    (no gloves)
Will    .....      Rage     3%   (no boots)
Stlth   ..........               (no amulet)
HPRegen 0.26/turn                n - +4 ring of slaying
MPRegen 0.09/turn                g - ring of protection from cold

@: brilliant, lethally poisoned (-3 -> -4), grasped by roots, unable to hop,
hasted, constricted, very quick
A: amphibious, slowness 1, strong legs 1, +LOS, berserk 1, electricity
resistance, evolution 1
a: Hop


You were on level 2 of the Dungeon.
You visited 1 branch of the dungeon, and saw 2 of its levels.

You collected 49 gold pieces.

Inventory:

Hand Weapons
 a - a +0 war axe
 h - a +0 flail
Armour
 c - a +0 buckler (worn)
 e - a +0 plate armour (worn)
 q - a +1 hat (worn)
Jewellery
 g - a ring of protection from cold (right hand)
 j - a ring of magical power
 n - a +4 ring of slaying (left hand)
 p - a ring of see invisible
Scrolls
 b - a scroll of teleportation
 k - a scroll of torment
Potions
 d - a potion of might
 o - a potion of brilliance


   Skills:
 * Level 4.1 Fighting
 * Level 3.7 Axes
 * Level 4.2 Armour
 * Level 1.2 Dodging
 + Level 3.6 Shields
 * Level 0.8 Spellcasting


You had 4 spell levels left.
You didn't know any spells.
Your spell library contained the following spells:

 Spells                   Type           Power      Damage    Failure   Level
 Kindle Blastsparks       Fire/Tloc/Air  0%         2d10      100%        3
 Vhi's Electric Charge    Tloc/Air       0%         N/A       100%        3
 Fulminant Prism          Conj/Hex       0%         3d6       100%        4
 Iskenderun's Mystic Bla  Conj/Tloc      0%         2d3       100%        4
 Arcjolt                  Conj/Air       0%         1d10      100%        5
 Lee's Rapid Deconstruct  Erth           0%         3d5*      100%        5
 Maxwell's Capacitive Co  Air            0%         ∞         100%        8


Dungeon Overview and Level Annotations

Branches:
Dungeon (2/15)

Altars:

Shops:
D:2 (

Annotations:
D:2 Crazy Yiuf, Natasha


Innate Abilities, Weirdness & Mutations

You are amphibious.
You cover ground slowly.
You can hop short distances.
You have an extended range of vision and can be seen from far away.
You sometimes lose your temper in combat.
You are resistant to electric shocks. (rElec)
You have hidden genetic potential.


Message History

Natasha hisses angrily.
Natasha zaps a wand.
The roots erupt in riotous growth!
The grasping roots grab you! The grasping roots constrict you.
* * * LOW HITPOINT WARNING * * *
Unknown command.
Unknown command.
Unknown command.
It was a potion of mutation.
You feel extremely strange.
You feel insulated.
You feel a little pissed off.
You feel a hidden potential growing inside you.
You feel sick. The grasping roots constrict you.
* * * LOW HITPOINT WARNING * * *
Unknown command.
You aren't carrying any items that you can evoke.
Unknown command.
You aren't carrying any items that you can evoke.
Unknown command.
Unknown command.
Okay, then.
You aren't carrying any items that you can evoke.
Unknown command.
Okay, then.
Okay, then.
As you read the scroll labelled TYBLAAMPAL, it crumbles to dust.
The creatures around you are filled with an inner flame!
It was a scroll of immolation.
The grasping roots constrict you.
* * * LOW HITPOINT WARNING * * *
Unknown command.
Okay, then.
Unknown command.
You aren't carrying any items that you can evoke.
Unknown command.
Okay, then.
As you read the scroll labelled HEAF RETIATRO, it crumbles to dust.
It is a scroll of identify.
k - a scroll of torment
* * * LOW HITPOINT WARNING * * *
You feel sick. The grasping roots constrict you.
You die...

#.# #.# #....#.# ### ###.# #.#
#..#.#.# ..# #...### #.# #..#.#.#
..#####.#...# #.#######..#.#.#
.......∩....# #.......#..#.#.#
..#####.#...# #######.#..#.#.#
......#.#.##### #.#..#.#.#
..............##########.#..#.#.#
................@................
####....#.###......#####.#....#.#
........#.....####^....#.##.###.#
####....#.....#....h.#...#......#
# ##.#.#.....#......##..########
#####.#.#.....#.....<##..........
......#.#............##...##.....
#######.#............####.##.....
........#.###...###### #.##.....


You could see Natasha (inner flame).

Vanquished Creatures
  Natasha (D:2)
  A gnoll (D:1)
  2 adders (D:2)
  3 worms (D:2)
  A dart slug (D:1)
  3 ball pythons (D:1)
  5 bats
  4 endoplasms (D:1)
  2 giant cockroaches (D:1)
  4 goblins (D:1)
  2 hobgoblins (D:1)
  2 jackals (D:1)
  2 frilled lizards
  8 kobolds
  3 rats (D:1)
43 creatures vanquished.

Vanquished Creatures (others)
  6 fungi (D:1)
  8 plants (D:1)
14 creatures vanquished.

Grand Total: 57 creatures vanquished

Notes
Turn   | Place    | Note
-------+----------+-------------------------------------------
     0 | D:1      | Morbidden the Barachi Fighter began the quest for the Orb.
     0 | D:1      | Reached XP level 1. HP: 18/18 MP: 1/1
    90 | D:1      | Reached XP level 2. HP: 25/25 MP: 2/2
   338 | D:1      | Found a faded altar of an unknown god.
   422 | D:1      | Reached XP level 3. HP: 27/30 MP: 3/3
  1386 | D:2      | Found Cioruir's Weapon Emporium.
  1421 | D:2      | Reached XP level 4. HP: 18/37 MP: 4/4
  1495 | D:2      | Reached skill level 1 in Dodging
  1512 | D:2      | Noticed Natasha
  1521 | D:2      | Killed Natasha
  1924 | D:2      | Found a runed translucent door.
  1925 | D:2      | Noticed Crazy Yiuf
  2083 | D:2      | Noticed Natasha
  2084 | D:2      | Gained mutation: You are resistant to electric shocks.
                  | (rElec) [potion of mutation]
  2084 | D:2      | Gained mutation: You sometimes lose your temper in combat.
                  | [potion of mutation]
  2084 | D:2      | Gained mutation: You have hidden genetic potential. [potion
                  | of mutation]
  2086 | D:2      | HP: 1/37 [poisoned by Crazy Yiuf]
  2086 | D:2      | Constricted to death by Natasha

Illustrated notes

Levels and vault maps discovered:
D:1:      onia_arrival_handbag, layout_basic,
          shapermc_ecumenical_altar_mp_urbaneastern
D:2:      layout_basic, serial_shops, nicolae_shop_crystal, uniq_natasha,
          uniq_crazy_yiuf_cottage

Skill      XL: |  1  2  3  4 |
---------------+-------------+-----
Armour         | 4 |  4.2
Fighting       | 4 |  4.1
Axes           | 3 |  3.7
Dodging        | 1 |  1.2
Shields        | |  3.6
Spellcasting   | |  0.8

Action                   |  1- 3 |  4- 6 || total
-------------------------+-------+-------++-------
Melee: War axe           |   121 |    23 ||   144
 Abil: Hop               |       |     1 ||     1
  Use: Scroll            |       |     3 ||     3
       Potion            |       |     3 ||     3
Armor: Scale mail        |     4 |       ||     4
       Plate armour      |    98 |    17 ||   115
Dodge: Dodged            |    27 |     3 ||    30
Block: Buckler           |    33 |     5 ||    38

Table legend: (Time is in decaauts)
 A = Elapsed time spent in this place.
 B = Non-inter-level travel time spent in this place.
 C = Inter-level travel time spent in this place.
 D = Time resting spent in this place.
 E = Time spent auto-exploring this place.
 F = Levels seen in this place.
 G = Mean time per level.
                   A        B        C        D        E       F      G
               +--------+--------+--------+--------+--------+-----+--------+
         Total |   2447 |   2384 |     63 |     78 |   1864 |   2 | 1223.5 |
       Dungeon |   2447 |   2384 |     63 |     78 |   1864 |   2 | 1223.5 |
               +--------+--------+--------+--------+--------+-----+--------+

Top non-repeatable levels by time:
     D:1: 1239 daAuts
     D:2: 1207 daAuts
